 Dungeon Crawl Stone Soup version 0.31.0-11-ge490571c62 (webtiles) character file.

Game seed: 1155704810085072909

5691 Chiseanne the Covert (level 10, 69/69 (72) HPs)
             Began as an Octopode Shapeshifter on Feb 8, 2024.
             Quit the game on level 8 of the Dungeon.
             The game lasted 00:24:40 (8381 turns).

Chiseanne the Covert (Octopode Shapeshifter)        Turns: 8381, Time: 00:24:41

HP:   69/69 (72)    AC:  1    Str: 15    XL:     10   Next: 76%
MP:   10/10         EV: 16    Int: 13    God:
Gold: 399           SH:  0    Dex: 14    Spells: 8/9 levels left

rFire   . . .        a - +1 dagger (venom)
rCold   . . .        (no shield)
rNeg    . . .        (helmet currently unavailable)
rPois   .            d - amulet of regeneration
rElec   .            f - ring of wizardry
rCorr   .            (no ring)
SInv    .            (no ring)
Will    .....        (no ring)
Stlth   ++++++       (no ring)
HPRegen 1.11/turn    (no ring)
MPRegen 0.12/turn    (no ring)
                     (no ring)

%: wizardry (x1)
@: beast-form, studying Shields, lightly drained
A: beast (slay +4), almost no armour, amphibious, 8 rings, camouflage 1,
gelatinous body 1, (nimble swimmer 1), tentacles
a: Begin Untransformation


You were on level 8 of the Dungeon.
You were a hulking beast.
You visited 2 branches of the dungeon, and saw 9 of its levels.
You also visited: Sewer and Bailey.

You collected 399 gold pieces.

Inventory:

Hand Weapons
 a - a +1 dagger of venom (weapon)
 j - a +4 mace of protection
 n - the +2 dagger "Husch" {flame, *Slow MP+9 Dex+6}
   (You found it on level 5 of the Dungeon)

   Dex+6:     It affects your dexterity (+6).
   MP+9:      It affects your magic capacity (+9).
   *Slow:     It may slow you when you take damage.
Missiles
 i - 9 stones (quivered)
 l - a throwing net
 p - 10 poisoned darts
 B - 3 boomerangs
 C - a curare-tipped dart
 E - 13 javelins
Jewellery
 d - an amulet of regeneration (around mantle)
 f - a ring of wizardry (left tentacle)
 F - an amulet of magic regeneration
Talismans
 b - a beast talisman
 c - a flux talisman
 G - a maw talisman
Wands
 m - a wand of acid (20)
 o - a wand of digging (5)
 t - a wand of iceblast (10)
 A - a wand of polymorph (5)
Scrolls
 s - a scroll of revelation
 u - 2 scrolls of blinking
 w - a scroll of amnesia
 x - 5 scrolls of enchant armour
 y - a scroll of fear
 D - 2 scrolls of identify
Potions
 e - 2 potions of curing
 g - 4 potions of mutation
 h - a potion of might
 q - a potion of resistance {unknown}
 r - a potion of lignification
 v - 2 potions of ambrosia
 z - a potion of cancellation
 H - a potion of enlightenment {unknown}


   Skills:
 * Level 7.9 Fighting
 * Level 8.2 Dodging
 * Level 11.2 Stealth
 - Level 3.0 Unarmed Combat
 * Level 7.8 Shapeshifting


You had 8 spell levels left.
You knew the following spells:

 Your Spells              Type           Power      Damage    Failure   Level
a - Apportation           Tloc           0%         N/A       12%         1

Your spell library contained the following spells:

 Spells                   Type           Power      Damage    Failure   Level
 Freeze                   Ice            0%         1d3       12%         1
 Call Imp                 Summ           0%         N/A       19%         2
 Jinxbite                 Hex            0%         N/A       19%         2
 Sublimation of Blood     Necr           0%         N/A       19%         2
 Dazzling Flash           Conj/Hex       0%         N/A       34%         3
 Frozen Ramparts          Ice            0%         1d1       34%         3
 Hailstorm                Conj/Ice       0%         3d5       34%         3
 Mephitic Cloud           Conj/Alch/Air  0%         N/A       34%         3
 Volatile Blastmotes      Fire/Tloc      0%         2d10      34%         3
 Alistair's Intoxication  Alch           0%         N/A       96%         5
 Curse of Agony           Necr           0%         N/A       96%         5
 Silence                  Hex/Air        0%         N/A       96%         5
 Starburst                Conj/Fire      0%         6d3       100%        6
 Haunt                    Necr/Summ      0%         N/A       100%        7
 Summon Hydra             Summ           0%         N/A       100%        7
 Borgnjor's Revivificati  Necr           0%         N/A       100%        8
 Maxwell's Capacitive Co  Air            0%         ∞         100%        8
 Death's Door             Necr           0%         N/A       100%        9


Dungeon Overview and Level Annotations

Branches:
Dungeon (8/15)             Temple (1/1) D:5            Lair (0/5) D:8
  Sewer (visited)          Bailey (visited)

Altars:
Cheibriados
Dithmenos
Elyvilon
Fedhas
Kikubaaqudgha
Makhleb
Okawaru
Sif Muna
Uskayaw
Vehumet
Wu Jian
Xom
Yredelemnul
Zin
The Shining One

Shops:
D:6 ?

Annotations:
D:3 Terence
D:4 exclusion: bombardier beetle


Innate Abilities, Weirdness & Mutations

You are a hulking beast.
Your limbs bulge with bestial killing power. (Slay +4)
You cannot wear most types of armour.
You are amphibious.
You can wear up to eight rings at the same time.
Your skin changes colour to match your surroundings (Stealth+).
Your rubbery body absorbs attacks. (AC +1, EV +1)
((You are camouflaged when in or above water. (Stealth+)))
You have tentacles for arms and can constrict up to eight enemies at once.


Message History

The orc wizard misses you.
You hit the orc wizard. Your grab misses the orc wizard.
Your squeeze misses the orc wizard.
The orc wizard is severely wounded.
The orc wizard hits you with a +0 dagger.
You hit the orc wizard.
You kill the orc wizard!
The goblin misses you.
You hit the goblin. You grab the goblin.
The goblin is heavily wounded.
You constrict the goblin.
A bullfrog comes into view.
The goblin hits you with a +0 spear.
The bullfrog croaks.
You hit the goblin.
You kill the goblin!
You hear a shout!
An orc comes into view. It is wielding a +0 mace.
An orc priest comes into view. It is wielding a +0 mace.
The orc moves out of view.
Things that are here:
a +0 spear; a goblin corpse
Things that are here:
32 gold pieces; a +0 spear; a goblin corpse The bullfrog attacks as it pursues you!
The bullfrog barely misses you. The bullfrog attacks as it pursues you!
The bullfrog closely misses you. The bullfrog hits you.
You miss the bullfrog. You grab the bullfrog. You squeeze the bullfrog!
The bullfrog is heavily wounded.
You constrict the bullfrog. The bullfrog completely misses you.
You hit the bullfrog.
The bullfrog is poisoned.
The bullfrog is almost dead.
You constrict the bullfrog.
You kill the bullfrog!
You see here a bullfrog corpse.
Things that are here:
32 gold pieces; a +0 spear; a goblin corpse You now have 399 gold pieces (gained 32).
You see here a bullfrog corpse.
Are you sure you want to abandon this character and quit the game? (Confirm with "yes".)

##....... #.......#
#.......# # #####).......
#.....)....#. #...#)#...##.
###.)........
#######†####.###
#.......h.# .# #.........#
# .# #.........#..##.####..
#....................
#.........####>.....
#####.##### #......#
#....####.#.##.######
##########....#.#.........#
#......# ####.....≈≈~≈≈.#.)


There were no monsters in sight!

Vanquished Creatures
  Maurice (D:7)
  Psyche (D:8)
  Sigmund (D:2)
  A wyvern (D:8)
  A steam dragon (D:7)
  2 water moccasins
  8 orc warriors
  2 sky beasts (D:8)
  4 ice beasts
  4 black bears
  5 centaurs (Bailey)
  An ogre (D:5)
  A kobold brigand (D:7)
  A gnoll sergeant (D:7)
  4 bullfrogs
  7 scorpions
  5 wights
  2 howler monkeys
  2 jellies
  2 sleepcaps
  4 hounds
  Jessica (D:3)
  3 iguanas (D:5)
  11 orc wizards
  Robin (D:2)
  16 gnolls
  15 adders
  2 river rats (Sewer)
  A shadow imp (D:6)
  A white imp (D:7)
  2 dart slugs
  A ribbon worm (D:2)
  32 orcs
  7 bats
  3 endoplasms
  4 giant cockroaches
  19 goblins
  7 hobgoblins
  6 jackals
  16 ball pythons
  4 frilled lizards
  11 kobolds
  19 rats
241 creatures vanquished.

Vanquished Creatures (collateral kills)
  An orc wizard (D:5)
  2 orcs (D:5)
3 creatures vanquished.

Grand Total: 244 creatures vanquished

Notes
Turn   | Place    | Note
-------+----------+-------------------------------------------
     0 | D:1      | Chiseanne the Octopode Shapeshifter began the quest for the
                  | Orb.
     0 | D:1      | Reached XP level 1. HP: 13/13 MP: 1/1
     1 | D:1      | Found a faded altar of an unknown god.
   136 | D:1      | Reached skill level 1 in Stealth
   136 | D:1      | Reached XP level 2. HP: 18/18 MP: 2/2
   785 | D:2      | Reached XP level 3. HP: 23/23 MP: 3/3
   793 | D:2      | Noticed Sigmund
   855 | D:2      | Reached skill level 2 in Stealth
   952 | D:2      | Reached XP level 4. HP: 29/29 MP: 4/4
  1181 | D:2      | Reached skill level 3 in Stealth
  1442 | D:2      | Noticed Robin
  1458 | D:2      | Killed Robin
  1459 | D:2      | Reached XP level 5. HP: 23/35 MP: 5/5
  1584 | D:2      | Killed Sigmund
  1585 | D:2      | Reached skill level 4 in Stealth
  1585 | D:2      | Reached XP level 6. HP: 42/42 MP: 6/6
  1612 | D:3      | Noticed Terence
  1770 | D:3      | Learned a level 1 spell: Apportation
  1779 | D:3      | Noticed Jessica
  1796 | D:3      | Killed Jessica
  2125 | D:3      | Chiseanne: you right you idiots
  2670 | D:4      | Reached XP level 7. HP: 42/46 MP: 7/7
  2728 | D:4      | Found a shimmering altar of Xom.
  3048 | D:5      | Entered Level 5 of the Dungeon
  3074 | D:5      | Reached skill level 5 in Stealth
  3092 | D:4      | Found an ancient bone altar of Kikubaaqudgha.
  3176 | D:5      | Found a staircase to the Ecumenical Temple.
  3182 | D:5      | Identified the +2 dagger "Husch" {flame, *Slow MP+9 Dex+6}
  3196 | Temple   | Entered the Ecumenical Temple
  3920 | D:5      | Reached skill level 6 in Stealth
  3920 | D:5      | Reached XP level 8. HP: 43/54 MP: 8/8
  4017 | D:5      | Reached skill level 5 in Shapeshifting
  4086 | D:5      | Found an iron altar of Okawaru.
  4101 | D:5      | Reached skill level 5 in Dodging
  4657 | D:6      | Reached skill level 5 in Fighting
  4657 | D:6      | Reached skill level 7 in Stealth
  4834 | D:6      | Found a glowing drain.
  4835 | D:6      | Found the +15 Maxwell's patent armour {-Cast -Tele rElec
                  | Will+ rCorr}
  4859 | Sewer    | Entered a sewer
  5072 | Sewer    | Reached XP level 9. HP: 28/61 MP: 9/9
  5138 | D:6      | Reached skill level 8 in Stealth
  5656 | D:6      | Found Exkoih's Magic Scroll Shoppe.
  5878 | D:7      | Reached skill level 9 in Stealth
  5889 | D:7      | Noticed Maurice
  5898 | D:7      | Killed Maurice
  6300 | D:7      | Reached XP level 10. HP: 64/69 MP: 10/10
  6631 | D:8      | Reached skill level 10 in Stealth
  6678 | D:8      | Found a flagged portal.
  6679 | D:8      | Found a staircase to the Lair.
  6687 | Bailey   | Entered a bailey
  7850 | D:8      | Found a white marble altar of Elyvilon.
  7851 | D:8      | Noticed Psyche
  7855 | D:8      | Killed Psyche
  8110 | D:8      | Reached skill level 11 in Stealth
  8248 | D:8      | HP: 3/68 [wight/+0 morningstar (1)]
  8381 | D:8      | Quit the game

Illustrated notes

Levels and vault maps discovered:
D:1:      lightli_arrival_maybe_door_vault, layout_basic, basic_ecumenical_altar
D:2:      layout_rooms, uniq_sigmund, uniq_robin
D:3:      layout_rooms, uniq_jessica, uniq_terence
D:4:      layout_loops_corners, nicolae_overflow_hidden_temple,
          pf_just_have_faith
D:5:      layout_rooms, nicolae_overflow_crystal_walls,
          minmay_temple_entry_glass, minmay_misc_feat_room, st_stairs_1,
          minmay_a_box_with_orc_wizards_in_it
D:6:      layout_basic, gup_sewer_entry_glass, serial_shops,
          nicolae_shop_rolled_up
D:7:      layout_loops_ring, dreamdust_princess_corridor,
          minmay_misc_feat_nine_boxes, uniq_maurice
D:8:      layout_rooms, mainiacjoe_overflow_brackets, lair_entry_dummy,
          enter_bailey_5, grunt_ministairs_4, uniq_psyche
Temple:   hellmonk_temple_of_storms

Skill      XL: |  1  2  3  4  5  6  7  8  9 10 |
---------------+-------------------------------+-----
Stealth        | 1 2 3 4 6 7 9 11 | 11.2
Fighting       | 2 3 4 5 6 7 |  7.9
Dodging        | 3 4 5 7 8 |  8.2
Shapeshifting  | 4 5 7 |  7.8
Unarmed Combat | |  3.0

Action                     |  1- 3 |  4- 6 |  7- 9 | 10-12 || total
---------------------------+-------+-------+-------+-------++-------
  Melee: Unarmed           |    53 |    93 |   180 |       ||   326
         Constrict         |    16 |    23 |    61 |    43 ||   143
         Tentacles         |    15 |    18 |    71 |    52 ||   156
         Punch             |       |     3 |    10 |    12 ||    25
         Dagger            |       |       |    54 |   167 ||   221
  Throw: Stone             |     7 |    18 |     9 |     8 ||    42
  Evoke: Wand              |       |       |     4 |       ||     4
    Use: Scroll            |     6 |     2 |    14 |     2 ||    24
         Potion            |       |     2 |     4 |     5 ||    11
   Stab: Sleeping          |     6 |     3 |    30 |     3 ||    42
 Armour: Skin              |    28 |    44 |   110 |   135 ||   317
  Dodge: Dodged            |    32 |    57 |   149 |   186 ||   424
